 Dungeon Crawl Stone Soup version 0.19-a0-1513-gf6d23ed (webtiles) character file.

48 jacquesderrida the Ruffian (level 3, 0/19 HPs)
             Began as a Vine Stalker Wanderer on Sept 12, 2016.
             Shot with an arrow by a centaur (2 damage)
             ... on level 4 of the Dungeon.
             The game lasted 00:04:55 (809 turns).

jacquesderrida the Ruffian (Vine Stalker Wanderer)   Turns: 809, Time: 00:04:55

Health: 0/19       AC: 10    Str: 14    XL:     3   Next: 72%
Magic:  0/7        EV: 10    Int: 13    God:
Gold:   56         SH:  0    Dex: 13    Spells: 3 memorised, 0 levels left

rFire  . . .     SeeInvis .       - Unarmed
rCold  . . .     Gourm    .     l - +0 ring mail
rNeg   . . .     Faith    .     (no shield)
rPois  .         Spirit   +     g - +0 helmet
rElec  .         Dismiss  .     (no cloak)
rCorr  .         Reflect  .     (no gloves)
MR     .....     Harm     .     (no boots)
Stlth  +.........               (no amulet)
                                b - ring of wizardry
                                e - +4 ring of protection

@: very slightly contaminated
A: fangs 2, magic shield, antimagic bite, no device heal 3, rot immunity
a: no special abilities


You were on level 4 of the Dungeon.
You were not hungry.

You visited 1 branch of the dungeon, and saw 4 of its levels.

You collected 56 gold pieces.

Inventory:

Hand Weapons
 c - a +0 mace
Armour
 d - a +0 robe
 g - a +0 helmet (worn)
 l - a +0 ring mail (worn)
Jewellery
 b - a ring of wizardry (right hand)
 e - a +4 ring of protection (left hand)
Scrolls
 h - a scroll of recharging {unknown}
 m - a scroll of identify {unknown}
Books
 a - a book of Minor Magic

   Spells                             Type                      Level
   a - Magic Dart                     Conjuration                  1
   b - Blink                          Translocation                2
   c - Call Imp                       Summoning                    2
   d - Repel Missiles                 Charms/Air                   2
   e - Slow                           Hexes                        2
   f - Conjure Flame                  Conjuration/Fire             3
   g - Mephitic Cloud                 Conjuration/Poison/Air       3
Comestibles
 f - 3 bread rations
 i - 2 meat rations
 j - 2 fruits
 k - a chunk of flesh


   Skills:
 - Level 2.6 Fighting
 - Level 1.0 Maces & Flails
 - Level 1.0 Armour
   Level 1.7 Shields
 + Level 3.2 Unarmed Combat
 - Level 2.1 Spellcasting
   Level 1.0 Hexes


You couldn't memorise any spells.
You knew the following spells:

 Your Spells              Type           Power        Failure   Level  Hunger
b - Blink                 Tloc           N/A          45%         2    ###....
c - Call Imp              Summ           #.......     45%         2    ###....
m - Repel Missiles        Chrm/Air       #.....       45%         2    ###....


Dungeon Overview and Level Annotations

Branches:
Dungeon (4/15)
 Temple: D:4-7

Altars:
Dithmenos


Innate Abilities, Weirdness & Mutations

You have extremely sharp teeth.
When hurt, damage is shared between your health and your magic reserves.
Your bite disrupts and absorbs the magic of your enemies.
Potions and wands cannot restore your health.
You are immune to rotting.


Message History

The centaur shoots an arrow.
The arrow hits you!
* * * LOW HITPOINT WARNING * * *
The centaur shoots an arrow.
The arrow misses you.
The centaur unwields an uncursed shortbow.
The centaur barely misses you.
Okay, then.
You aren't carrying any potions.
As you read the scroll labeled XETAKHL APPU, it crumbles to dust.
You hear a loud clanging noise!
It was a scroll of noise.
You hear a shout! x2
The centaur hits you. The centaur closely misses you.
Blink to where?
Press: ? - help, Dir - move target cursor You are very lightly contaminated with residual magic.
As you read the scroll labeled ZIM DAMACVURCHU, it crumbles to dust.
It was a scroll of blinking.
The centaur wields an uncursed shortbow.
The centaur shoots an arrow.
The arrow hits you.
You die...

#.. ....####.##....)..# ..
.........##.......# ..
.....#............# #.
####..............# #..
##...###.......# ##.###
###..##.......# #....#######
##..##........
#...ยง..c(((######...#########.
#....#####...@..#.#.....# .
###### ######...#####... ##..#
# #..# ####


You could see a centaur.

Vanquished Creatures
  2 adders
  An ooze (D:1)
  A worm (D:3)
  2 dart slugs
  2 giant cockroaches (D:2)
  2 goblins (D:3)
  A hobgoblin (D:2)
  2 jackals (D:2)
  4 kobolds (D:2)
  A bat (D:3)
  A rat (D:3)
19 creatures vanquished.

Notes
Turn   | Place    | Note
-------+----------+-------------------------------------------
     0 | D:1      | jacquesderrida the Vine Stalker Wanderer began the quest for the Orb.
     0 | D:1      | jacquesderrida set off with: a book of Minor Magic, a potion of curing, a +0 mace, a +0 robe, a bread ration
     0 | D:1      | Reached XP level 1. HP: 11/11 MP: 4/4
    58 | D:1      | Reached skill level 1 in Unarmed Combat
   130 | D:2      | Reached skill level 2 in Unarmed Combat
   130 | D:2      | Reached XP level 2. HP: 11/16 MP: 6/6
   143 | D:2      | Found a shadowy altar of Dithmenos.
   317 | D:3      | Reached XP level 3. HP: 10/19 MP: 5/7
   369 | D:3      | Learned a level 2 spell: Blink
   372 | D:3      | Learned a level 2 spell: Repel Missiles
   375 | D:3      | Learned a level 2 spell: Call Imp
   618 | D:3      | Reached skill level 3 in Unarmed Combat
   800 | D:4      | Noticed a centaur
   809 | D:4      | Shot with an arrow by a centaur

Vault maps used:
D:1:      lightli_arrival_windingriver, minmay_split_cup_small
D:2:      first_bread, roderic_three_in_a_row, nicolae_dithmenos_shadow_blocks
D:3:      kennysheep_cross_bottleneck
D:4:      old_standard_altar

Skill      XL: |  1  2  3 |
---------------+----------+-----
Unarmed Combat | 2 3 |  3.2
Fighting       | |  2.6
Maces & Flails | |  1.0
Armour         | |  1.0
Shields        | |  1.7
Spellcasting   | |  2.1
Hexes          | |  1.0

Action                   || total
-------------------------++-------
Melee: Mace              ||    63
       Bite              ||    27
       Unarmed           ||    29
 Cast: Repel Missiles    ||     1
  Use: Potion            ||     1
       Scroll            ||     2
 Stab: Sleeping          ||     1
Armor: Robe              ||    42
       Ring mail         ||     6
Dodge: Dodged            ||    56
       Deflected         ||     1
